 Dungeon Crawl Stone Soup version 0.30-a0-723-gc1506a1cf0 (webtiles) character file.

Game seed: 17884543731382483333

2345 PyroL the Grappler (level 9, 0/138 HPs)
             Began as a Troll Fighter on Jan 28, 2023.
             Succumbed to a hornet's poison
             ... on level 6 of the Dungeon.
             The game lasted 00:09:10 (4882 turns).

PyroL the Grappler (Troll Fighter)                  Turns: 4882, Time: 00:09:11

Health: 0/138      AC:  9    Str: 30    XL:     9   Next: 20%
Magic:  8/8        EV:  8    Int:  4    God:
Gold:   317        SH:  8    Dex: 15    Spells: 8/8 levels left

rFire   . . .      SeeInvis +      - Unarmed
rCold   + . .      Faith    .    b - +0 kite shield
rNeg    . . .      Spirit   .    d - +0 acid dragon scales
rPois   .          Reflect  .    (helmet restricted)
rElec   .          Harm     .    l - +0 cloak
rCorr   +          Rampage  .    (gloves unavailable)
Will    .....                    (boots unavailable) Stlth
                                 (no amulet)
HPRegen 1.23/turn                e - +6 ring of dexterity
MPRegen 0.11/turn                w - ring of see invisible

@: berserking, lethally poisoned (0 -> -4), very quick
A: large, unfitting armour, claws 3, regeneration 1, shaggy fur 1, tough skin 1,
horns 1, cold resistance 1
a: no special abilities


You were on level 6 of the Dungeon.
You visited 1 branch of the dungeon, and saw 7 of its levels.

You collected 317 gold pieces.

Inventory:

Missiles
 c - a throwing net (quivered)
 k - 4 poisoned darts
 y - 3 atropa-tipped darts
Armour
 b - a +0 kite shield (worn)
 d - +0 acid dragon scales (worn)
 l - a +0 cloak (worn)
Jewellery
 e - a +6 ring of dexterity (left claw)
 f - an amulet of faith
 g - a ring of ice
 w - a ring of see invisible (right claw)
 z - a ring of resist corrosion
Wands
 p - a wand of roots (3)
 u - a wand of paralysis (5)
Scrolls
 a - a scroll of poison
 h - a scroll of magic mapping {unknown}
 i - 2 scrolls of enchant armour
 m - 2 scrolls of immolation {unknown}
 o - a scroll of teleportation {unknown}
 r - 2 scrolls of fog
 t - a scroll of blinking {unknown}
 v - a scroll of enchant weapon {unknown}
 x - a scroll of torment
 A - a scroll of fear {unknown}
Potions
 j - 2 potions of attraction
 n - 2 potions of mutation
 q - 2 potions of degeneration
 B - a potion of haste
 C - a potion of magic


   Skills:
 + Level 6.8 Fighting
 + Level 0.0 Throwing
 - Level 2.4 Dodging
 - Level 2.6 Shields
 - Level 10.0 Unarmed Combat


You had 8 spell levels left.
You didn't know any spells.
Your spell library contained the following spells:

 Spells                   Type           Power      Damage    Failure   Level
 Slow                     Hex            0%         N/A       86%         1
 Ensorcelled Hibernation  Hex/Ice        0%         N/A       95%         2
 Confusing Touch          Hex            0%         N/A       99%         3
 Spider Form              Tmut/Pois      0%         N/A       99%         3
 Vampiric Draining        Necr           0%         2d6       99%         3
 Anguish                  Hex/Necr       0%         N/A       100%        4


Dungeon Overview and Level Annotations

Branches:
Dungeon (7/15)
 Temple: D:4-7

Altars:
Cheibriados
Gozag

Shops:
D:3 [   D:6 *


Innate Abilities, Weirdness & Mutations

You are too large for most types of armour.
You have claws for hands.
Your natural rate of healing is unusually fast.
You are covered in fur. (AC +1)
You have tough skin. (AC +1)
You have a pair of small horns on your head.
Your flesh is cold resistant. (rC+)


Message History

You are poisoned.
You suddenly lose the ability to move!
The sky beast hits you. The sky beast shocks you.
The iguana bites you but does no damage.
You feel very sick. The hornet stings you!
You are more poisoned.
You feel yourself slow down. The sky beast hits you. The sky beast shocks you.
* * * LOW HITPOINT WARNING * * *
The iguana bites you but does no damage.
You can move again.
The iguana attacks as you move away! The iguana completely misses you.
The hornet attacks as you move away! You block the hornet's attack.
You feel yourself speed up.
You feel extremely sick. The hornet barely misses you. The hornet stings you.
* * * LOW HITPOINT WARNING * * *
You are more poisoned.
You shrug off the repeated paralysis!
The hornet attacks as you move away!
The hornet stings you but does no damage.
You feel very sick.
The sky beast flickers out of sight for a moment.
There is a stone staircase leading up here.
You feel very sick.
The hornet stings you but does no damage.
The sky beast hits you.
* * * LOW HITPOINT WARNING * * *
The sky beast shocks you.
* * * LOW HITPOINT WARNING * * *
The iguana bites you!
* * * LOW HITPOINT WARNING * * *
You block the hornet's attack.
You climb upwards.
* * * LOW HITPOINT WARNING * * *
You feel very sick.
There is a stone staircase leading down here.
A red film seems to cover your vision as you go berserk!
You feel yourself moving faster!
You feel mighty!
You die...

#.....##.......
########.....##.#####.
#.....................
#............##.##.##.
#........#'####.##.##.
#...............##.##.
#........#.#######.##.
########..##.######.....
#.....Y@y.........+.....
#.#####l##.#.######.....
#.# #.##.#.# #..... #.#
#.##.#.# #..... #.#
#.##.#.# #....( #.#
#.##.#.# #..... #.#
#.##.#.######..... #.#
#.##.#.........###
#.#####.##.#.#########


You could see a hornet, a sky beast and an iguana.

Vanquished Creatures
  Maggie (D:6)
  Sigmund (D:3)
  Eustachio (D:4)
  Edmund (D:4)
  A water moccasin (D:5)
  Duvessa (D:6)
  An orc warrior (D:4)
  An ogre (D:6)
  2 centaurs
  A phantom (D:6)
  A bullfrog (D:5)
  A necrophage (D:5)
  A scorpion (D:5)
  Dowan (D:6)
  2 orc priests
  2 hounds
  Crazy Yiuf (D:6)
  5 iguanas
  Terence (D:3)
  Natasha (thrice) (D:4)
  2 orc wizards
  Robin (D:2)
  7 adders
  4 shadow imps
  A white imp (D:7)
  An ufetubus (D:6)
  2 worms
  3 dart slugs
  24 orcs
  6 giant cockroaches
  15 goblins
  8 hobgoblins
  6 jackals (D:1)
  6 kobolds
  3 quokkas
  5 ball pythons
  8 bats
  4 frilled lizards
  3 rats
138 creatures vanquished.

Vanquished Creatures (others)
  A black bear (D:6)
  A scorpion (D:6)
  A jelly (D:6)
3 creatures vanquished.

Grand Total: 141 creatures vanquished

Notes
Turn   | Place    | Note
-------+----------+-------------------------------------------
     0 | D:1      | PyroL the Troll Fighter began the quest for the Orb.
     0 | D:1      | Reached XP level 1. HP: 22/22 MP: 0/0
    74 | D:1      | Reached XP level 2. HP: 29/29 MP: 1/1
   400 | D:1      | Reached skill level 3 in Unarmed Combat
   431 | D:1      | Reached XP level 3. HP: 36/36 MP: 2/2
   691 | D:2      | Found an opulent altar of Gozag.
   874 | D:2      | Noticed Robin
   885 | D:2      | Killed Robin
   886 | D:2      | Reached XP level 4. HP: 18/45 MP: 3/3
  1125 | D:2      | Reached skill level 4 in Unarmed Combat
  1312 | D:3      | Found a faded altar of an unknown god.
  1335 | D:3      | Found a snail-covered altar of Cheibriados.
  1453 | D:3      | Noticed Sigmund
  1469 | D:3      | Killed Sigmund
  1470 | D:3      | Reached skill level 5 in Unarmed Combat
  1470 | D:3      | Reached XP level 5. HP: 34/54 MP: 4/4
  1470 | D:3      | Reached XP level 6. HP: 39/62 MP: 5/5
  1580 | D:3      | Found Ususunki's Antique Armour Shoppe.
  1829 | D:3      | Noticed Terence
  1839 | D:3      | Killed Terence
  2161 | D:4      | Noticed Eustachio
  2162 | D:4      | Noticed Natasha
  2172 | D:4      | Killed Natasha
  2177 | D:4      | Killed Eustachio
  2178 | D:4      | Reached skill level 6 in Unarmed Combat
  2248 | D:4      | Reached XP level 7. HP: 70/70 MP: 6/6
  2360 | D:4      | Noticed Natasha
  2365 | D:4      | Killed Natasha
  2536 | D:4      | Noticed Edmund
  2550 | D:4      | HP: 5/106 [Edmund/+0 flail of holy wrath (2)]
  2551 | D:4      | HP: 1/106 [Edmund/bolt of light (5)]
  2552 | D:4      | Gained mutation: Your flesh is cold resistant. (rC+)
                  | [potion of mutation]
  2552 | D:4      | Gained mutation: You have a pair of small horns on your
                  | head. [potion of mutation]
  2558 | D:4      | Killed Edmund
  2811 | D:4      | Noticed Natasha
  2816 | D:4      | Killed Natasha
  2817 | D:4      | Reached skill level 7 in Unarmed Combat
  2852 | D:5      | Entered Level 5 of the Dungeon
  2982 | D:5      | Reached skill level 5 in Fighting
  3239 | D:5      | Reached skill level 8 in Unarmed Combat
  3239 | D:5      | Reached XP level 8. HP: 61/80 MP: 7/7
  3734 | D:6      | Reached skill level 9 in Unarmed Combat
  3734 | D:6      | Noticed Maggie
  3923 | D:6      | Noticed Dowan
  3929 | D:6      | Noticed Duvessa
  3950 | D:6      | Killed Duvessa
  3962 | D:6      | Killed Dowan
  4059 | D:6      | Found Taydgh Ynyi's Lightly-Used Armoury.
  4111 | D:6      | Reached XP level 9. HP: 30/84 MP: 8/8
  4114 | D:6      | HP: 2/84 [Maggie/bolt of fire (29)]
  4115 | D:6      | Killed Maggie
  4116 | D:6      | Reached skill level 10 in Unarmed Combat
  4664 | D:6      | Found a runed translucent door.
  4665 | D:6      | Noticed Crazy Yiuf
  4669 | D:6      | Killed Crazy Yiuf
  4868 | D:7      | Found the +5 Force Lance {heavy, knockback}
  4876 | D:7      | Paralysed by a hornet for 2 turns
  4881 | D:6      | HP: 1/92 [poisoned by a hornet]
  4882 | D:6      | Succumbed to a hornet's poison

Illustrated notes

Levels and vault maps discovered:
D:1:      tarquinn_simple_flora_water_c, layout_loops_ring
D:2:      layout_rooms, basic_altar, minmay_quantized, uniq_robin
D:3:      layout_basic, nicolae_overflow_ecumenical_swirl, serial_shops, shop,
          uniq_terence, uniq_sigmund
D:4:      layout_basic, serial_rivers, chequers_serial_rivers_micro_d,
          chequers_serial_rivers_small_3, chequers_serial_rivers_micro_b,
          chequers_serial_rivers_marsh, chequers_serial_rivers_micro_b,
          chequers_serial_rivers_micro_c, uniq_edmund, uniq_natasha,
          uniq_eustachio
D:5:      layout_loops_ring
D:6:      layout_basic, minmay_shop_damaged, chequers_garden, uniq_duvessa,
          uniq_crazy_yiuf_cottage, uniq_maggie
D:7:      layout_basic, minmay_temple_entry_overgrown

Skill      XL: |  1  2  3  4  5  6  7  8  9 |
---------------+----------------------------+-----
Unarmed Combat | 3 5 6 8 9 10 | 10.0
Fighting       | 3 4 5 6 |  6.8
Dodging        | |  2.4
Shields        | |  2.6

Action                     |  1- 3 |  4- 6 |  7- 9 || total
---------------------------+-------+-------+-------++-------
  Melee: Unarmed           |   122 |   105 |   171 ||   398
         Headbutt          |       |       |    32 ||    32
  Evoke: Wand              |       |       |     1 ||     1
    Use: Potion            |       |     1 |     5 ||     6
         Scroll            |       |       |     7 ||     7
   Stab: Sleeping          |     2 |       |     3 ||     5
 Armour: Robe              |    57 |    29 |    44 ||   130
         Skin              |       |       |     3 ||     3
         Acid dragon scale |       |       |     9 ||     9
  Dodge: Dodged            |    64 |    35 |    70 ||   169
  Block: Kite shield       |    61 |    42 |    91 ||   194

Table legend: (Time is in decaauts)
 A = Elapsed time spent in this place.
 B = Non-inter-level travel time spent in this place.
 C = Inter-level travel time spent in this place.
 D = Time resting spent in this place.
 E = Time spent auto-exploring this place.
 F = Levels seen in this place.
 G = Mean time per level.
                   A        B        C        D        E       F      G
               +--------+--------+--------+--------+--------+-----+--------+
         Total |   4895 |   4700 |    195 |    460 |   3147 |   7 |  699.3 |
       Dungeon |   4895 |   4700 |    195 |    460 |   3147 |   7 |  699.3 |
               +--------+--------+--------+--------+--------+-----+--------+

Top non-repeatable levels by time:
     D:6: 1001 daAuts
     D:5: 971 daAuts
     D:4: 964 daAuts
     D:1: 693 daAuts
     D:3: 659 daAuts
     D:2: 591 daAuts
     D:7: 13 daAuts
